 Dungeon Crawl Stone Soup version 0.22.1-5-g62c59d9 (webtiles) character file.

11629 nicolaieve the Basher (level 11, -3/97 HPs)
             Began as a Minotaur Berserker on Jan 12, 2019.
             Was a High Priest of Trog.
             Slain by a five-headed hydra (10 damage)
             ... on level 1 of the Lair of Beasts.
             The game lasted 00:38:30 (10243 turns).

nicolaieve the Basher (Minotaur Berserker)         Turns: 10243, Time: 00:38:31

Health: -3/97      AC: 15    Str: 28    XL:     11   Next: 51%
Magic:  10/10      EV: 11    Int:  4    God:    Trog [*****.]
Gold:   248        SH:  0    Dex: 12    Spells: 10/10 levels left

rFire    . . .     SeeInvis .   M - +0 whip (venom)
rCold    + . .     Gourm    .   D - +0 shield
rNeg     . . .     Faith    .   j - +3 ring mail {rC+}
rPois    .         Spirit   .   (helmet restricted)
rElec    .         Reflect  .   b - +2 cloak
rCorr    .         Harm     .   (no gloves)
MR       +++..                  E - +0 pair of boots {Stlth+}
Stlth    +.........             (no amulet)
HPRegen  1.26/turn              K - ring of protection from magic
MPRegen  0.12/turn              (no ring)

@: confused, mighty, lethally poisoned (-3 -> -3), berserk cooldown,
regenerating, slowed, very slow
A: retaliatory headbutt, horns 2
a: Berserk, Trog's Hand, Brothers in Arms, Renounce Religion


You were on level 1 of the Lair of Beasts.
You worshipped Trog.
Trog was extremely pleased with you.
You were very hungry.

You visited 2 branches of the dungeon, and saw 13 of its levels.

You collected 656 gold pieces.
You spent 408 gold pieces at shops.

Inventory:

Hand Weapons
 w - a +0 whip of flaming
 I - a +0 hunting sling
 M - a +0 whip of venom (weapon)
Missiles
 f - 49 sling bullets
 o - 375 stones (quivered)
Armour
 b - a +2 cloak (worn)
 j - a +3 ring mail of cold resistance (worn)
 B - a +1 scale mail of fire resistance
 D - a +0 shield (worn)
 E - a +0 pair of boots of stealth (worn)
 F - a +0 plate armour
Jewellery
 J - an uncursed ring of protection from magic
 K - a ring of protection from magic (left hand)
 O - an uncursed ring of fire {unknown}
Wands
 y - a wand of enslavement (13)
 A - a wand of flame (60)
Scrolls
 a - a scroll of summoning
 k - 5 scrolls of magic mapping {unknown}
 l - 4 scrolls of remove curse
 n - a scroll of immolation
 p - 3 scrolls of random uselessness {unknown}
 r - a scroll of identify
 s - 6 scrolls of teleportation
 t - 3 scrolls of enchant armour {unknown}
 u - a scroll of fog
 v - 3 scrolls of vulnerability {unknown}
 x - 3 scrolls of amnesia {unknown}
 z - a scroll of blinking
 C - a scroll of enchant weapon {unknown}
 N - a scroll of fear {unknown}
 P - a scroll of acquirement {unknown}
Potions
 d - a potion of invisibility
 e - 4 potions of curing
 g - 4 potions of lignification
 h - 4 potions of ambrosia
 i - a potion of might
 m - 4 potions of flight
 G - a potion of brilliance {unknown}
 H - a potion of mutation
Comestibles
 c - 20 rations
 L - 4 chunks of flesh


   Skills:
 - Level 9.1 Fighting
 - Level 12.5 Maces & Flails
 - Level 12.2 Armour
 - Level 2.2 Dodging
 * Level 10.7 Shields


You had 10 spell levels left.
You didn't know any spells.
Your spell library was empty.

Dungeon Overview and Level Annotations

Branches:
Dungeon (12/15)            Temple (0/1) D:5            Lair (1/6) D:9
    Orc (0/2) D:12

Altars:
Cheibriados
Dithmenos
Gozag
Hepliaklqana
Makhleb
Okawaru
Xom
Zin
The Shining One

Shops:
D:3 *   D:6 :   D:9 [   D:10 !


Innate Abilities, Weirdness & Mutations

You reflexively headbutt those who attack you in melee.
You have a pair of horns on your head.


Message History

The five-headed hydra bites you!
* * * LOW HITPOINT WARNING * * *
The five-headed hydra bites you but does no damage.
The five-headed hydra closely misses you.
You whack the five-headed hydra!
The five-headed hydra looks as sick as possible!
You headbutt the five-headed hydra!
The five-headed hydra is severely wounded.
The five-headed hydra bites you but does no damage.
The five-headed hydra barely misses you.
The five-headed hydra bites you!
* * * LOW HITPOINT WARNING * * *
The five-headed hydra completely misses you.
The five-headed hydra bites you but does no damage.
You bump into the rock wall.
You feel sick.
The five-headed hydra closely misses you. x2
The five-headed hydra barely misses you.
The five-headed hydra bites you but does no damage.
The five-headed hydra bites you!
You die...

#.......≈≈≈≈≈≈...# ...
#..#P.....≈≈.....# ....
#.####..........## #....
..# #...........### #.....
..###.............##..#...
..P###.......##...........
...###......######........
....###.....# ##D........
#...####..P## #@.†.......
##...# ##P## #...........
#.#..## ### #...........
####..## #............
#...## #.............
#....# #........(....
###..## ..............
##...###............
#.#...#


You could see a five-headed hydra.

Vanquished Creatures
  Harold (D:9)
  Erica (D:9)
  2 two-headed ogres
  An unseen horror (D:12)
  A centaur skeleton (D:12)
  A kobold demonologist (D:11)
  2 trolls (D:11)
  3 hippogriffs
  A wyvern (D:9)
  3 yaks (D:11)
  A basilisk (Lair:1)
  A water moccasin (Lair:1)
  7 orc warriors
  6 ice beasts
  2 sky beasts
  A black bear (D:4)
  A necrophage (D:7)
  8 ogres
  2 centaurs
  15 big kobolds
  Blork the orc (D:4)
  4 bullfrogs
  A scorpion (Lair:1)
  10 killer bees (D:9)
  5 wights (D:6)
  A crimson imp (D:12)
  4 centaur zombies
  3 hounds
  2 bullfrog zombies
  3 jellies
  5 orc priests
  14 orc wizards
  2 iguanas (D:8)
  9 worker ants
  A hound skeleton (D:8)
  2 howler monkey zombies
  4 gnolls (D:5)
  7 adders
  4 shadow imps
  3 adder skeletons
  An adder zombie (D:8)
  A worm (D:3)
  5 dart slugs
  3 leopard geckos
  44 orcs
  6 bats
  5 giant cockroaches
  3 hobgoblins (D:1)
  12 jackals
  6 quokkas
  A ball python (D:8)
  2 frilled lizards
  A goblin (D:2)
  24 kobolds
  10 rats
269 creatures vanquished.

Vanquished Creatures (others)
  A fungus (D:9)
1 creature vanquished.

Grand Total: 270 creatures vanquished

Notes
Turn   | Place    | Note
-------+----------+-------------------------------------------
     0 | D:1      | nicolaieve the Minotaur Berserker began the quest for the
                  | Orb.
     0 | D:1      | Reached XP level 1. HP: 19/19 MP: 0/0
   280 | D:1      | Reached XP level 2. HP: 26/26 MP: 1/1
   833 | D:2      | Found a faded altar of an unknown god.
  1020 | D:2      | Reached skill level 5 in Maces & Flails
  1020 | D:2      | Reached XP level 3. HP: 26/31 MP: 2/2
  1302 | D:2      | Reached ** piety under Trog
  1875 | D:3      | Reached XP level 4. HP: 37/39 MP: 3/3
  1941 | D:3      | Found a shadowy altar of Dithmenos.
  1987 | D:3      | Found Zin's Purification Station.
  2001 | D:3      | Found a glowing silver altar of Zin.
  2214 | D:3      | Found a snail-covered altar of Cheibriados.
  2352 | D:3      | Found a hazy altar of Hepliaklqana.
  2441 | D:4      | Reached XP level 5. HP: 26/45 MP: 4/4
  2497 | D:4      | Noticed an ogre
  2499 | D:4      | Noticed an ogre
  2504 | D:4      | Killed an ogre
  2507 | D:4      | Killed an ogre
  2507 | D:4      | Reached XP level 6. HP: 45/51 MP: 5/5
  2908 | D:4      | Noticed Blork the orc
  2915 | D:4      | Killed Blork the orc
  3196 | D:5      | Entered Level 5 of the Dungeon
  3231 | D:5      | Reached XP level 7. HP: 56/57 MP: 6/6
  3243 | D:5      | Reached *** piety under Trog
  3249 | D:5      | Reached skill level 10 in Maces & Flails
  3737 | D:5      | Found a staircase to the Ecumenical Temple.
  3948 | D:5      | Found a glowing golden altar of the Shining One.
  3948 | D:5      | Found an opulent altar of Gozag.
  4428 | D:6      | Reached XP level 8. HP: 52/64 MP: 7/7
  4762 | D:6      | Found a burning altar of Makhleb.
  4893 | D:6      | Reached skill level 5 in Armour
  4967 | D:6      | Reached skill level 5 in Fighting
  4985 | D:6      | Found Gywuwuh's Book Boutique.
  5136 | D:7      | Found a shimmering altar of Xom.
  5250 | D:7      | Reached **** piety under Trog
  5250 | D:7      | Reached XP level 9. HP: 74/74 MP: 8/8
  6248 | D:8      | Reached ***** piety under Trog
  6551 | D:9      | Noticed Harold
  6563 | D:9      | Killed Harold
  6563 | D:9      | Reached skill level 10 in Armour
  6563 | D:9      | Reached XP level 10. HP: 88/88 MP: 9/9
  6674 | D:9      | Noticed Erica
  6691 | D:9      | Killed Erica
  6710 | D:9      | Found a staircase to the Lair.
  6783 | D:9      | Noticed a two-headed ogre
  6792 | D:9      | Killed a two-headed ogre
  7289 | D:9      | Found Kanun's Antique Armour Shop.
  7292 | D:9      | Bought a shield for 153 gold pieces
  7292 | D:9      | Bought a pair of embroidered boots for 255 gold pieces
  7424 | D:9      | Found a shimmering altar of Xom.
  7651 | D:10     | Entered Level 10 of the Dungeon
  7819 | D:10     | Found Geutwo's Distillery.
  7955 | D:10     | Found an iron altar of Okawaru.
  8043 | D:10     | Reached skill level 5 in Shields
  8492 | D:11     | Received a gift from Trog
  8556 | D:11     | Reached XP level 11. HP: 95/97 MP: 10/10
  9168 | D:12     | Noticed a two-headed ogre
  9174 | D:12     | Killed a two-headed ogre
  9352 | D:12     | Found a staircase to the Orcish Mines.
  9606 | D:12     | Reached skill level 10 in Shields
  9861 | D:12     | Killed an unseen horror
 10069 | Lair:1   | Entered Level 1 of the Lair of Beasts
 10224 | Lair:1   | Noticed a five-headed hydra
 10241 | Lair:1   | HP: 4/97 [five-headed hydra (7)]
 10242 | Lair:1   | HP: 1/97 [five-headed hydra (7)]
 10243 | Lair:1   | Slain by a five-headed hydra

Skill      XL: |  1  2  3  4  5  6  7  8  9 10 11 |
---------------+----------------------------------+-----
Maces & Flails | 4 5 6 7 8 9 11 12 | 12.5
Armour         | 6 10 12 | 12.2
Fighting       | 5 7 9 |  9.1
Shields        | 6 10 | 10.7
Dodging        | |  2.2

Action                   |  1- 3 |  4- 6 |  7- 9 | 10-12 || total
-------------------------+-------+-------+-------+-------++-------
Melee: Mace              |    63 |    79 |   119 |       ||   261
       Headbutt          |     8 |    16 |    82 |   111 ||   217
       Whip              |       |       |   264 |   481 ||   745
Invok: Berserk           |       |     2 |     3 |     7 ||    12
       Trog's Hand       |       |     1 |     2 |     5 ||     8
  Use: Scroll            |       |       |       |    14 ||    14
       Potion            |       |       |       |     6 ||     6
  Eat: Chunk             |     3 |     5 |    14 |    10 ||    32
       Ration            |       |       |       |     3 ||     3
Armor: Animal skin       |     2 |       |       |       ||     2
       Ring mail         |    21 |    40 |   120 |   201 ||   382
Dodge: Dodged            |    34 |    63 |   149 |   147 ||   393
Block: Shield            |       |       |       |   179 ||   179
